 Dungeon Crawl Stone Soup version 0.20-a0-441-g89e74e4 (webtiles) character file.

128416 AlphabetPasta the Fetichist (level 16, -5/82 HPs)
             Began as a Spriggan Artificer on Jan 5, 2017.
             Was the Champion of Fedhas.
             Slain by an Ice Fiend (6 damage)
             ... in an ice cave on Jan 6, 2017.
             The game lasted 04:33:58 (42166 turns).

AlphabetPasta the Fetichist (Spriggan Artificer)   Turns: 42166, Time: 04:34:01

Health: -5/82      AC:  9    Str:  8    XL:     16   Next: 18%
Magic:  0/29       EV: 39    Int: 10    God:    Fedhas [******]
Gold:   1865       SH: 10    Dex: 28    Spells: 15/15 levels left

rFire  + . .     SeeInvis +     w - +2 scimitar (flame)
rCold  + + +     Gourm    .     n - +2 robe {MR+}
rNeg   . . .     Faith    .     o - +0 buckler
rPois  +         Spirit   +     r - +2 hat
rElec  +         Reflect  .     l - +2 cloak "Zeidui Reti" {+Inv rC+ Int-3}
rCorr  +         Harm     .     (gloves unavailable)
MR     +++..                    (boots unavailable)
Stlth  +++++++++.               L - amulet of guardian spirit
                                t - ring "Bihegur" {rCorr rC+}
                                j - ring of stealth

@: agile, resistant, very quick
A: unfitting armour, see invisible, herbivore 3, speed 3, slow metabolism 2
}: 1/15 runes: barnacled
a: Fungal Bloom, Evolution, Sunlight, Growth, Reproduction, Rain, Renounce
Religion, Evoke Invisibility


You were in an ice cave.
You worshipped Fedhas.
Fedhas was exalted by your worship.
You were full.

You visited 5 branches of the dungeon, and saw 30 of its levels.
You also visited: Ossuary and Ice Cave.

You collected 3247 gold pieces.
You spent 1382 gold pieces at shops.

Inventory:

Hand Weapons
 a - a +2 dagger of protection
 c - the +7 falchion of Agony {freeze, +Blink Dex+4}
   (You bought it in a shop on level 2 of the Orcish Mines)

   It has been specially enchanted to freeze those struck by it, causing extra
   injury to most foes and up to half again as much damage against particularly
   susceptible opponents.
   It can also slow down cold-blooded creatures.
   It affects your dexterity (+4).
   It lets you blink.
 m - a -2 hunting sling of flaming
 w - a +2 scimitar of flaming (weapon)
Missiles
 D - 149 sling bullets
Armour
 l - the +2 cloak "Zeidui Reti" (worn) {+Inv rC+ Int-3}
   (You bought it in a shop on level 2 of the Orcish Mines)

   It affects your intelligence (-3).
   It protects you from cold.
   It lets you turn invisible.
 n - a +2 robe of magic resistance (worn)
 o - a +0 buckler (worn)
 r - a +2 hat (worn)
Jewellery
 b - a +3 amulet of reflection
 j - a ring of stealth (left hand)
 t - the ring "Bihegur" (right hand) {rCorr rC+}
   (You found it on level 11 of the Dungeon)

   [ring of resist corrosion]

   It protects you from cold.
 L - an amulet of guardian spirit (around neck)
 W - an uncursed ring of fire
Wands
 d - a wand of enslavement (0/24)
 e - a wand of random effects (14/48)
 k - a wand of flame (12/48)
 q - a wand of iceblast (0/15)
 x - a wand of clouds (0/9)
 y - a wand of iceblast (5/15)
 H - a wand of scattershot (0/9)
 M - a wand of lightning (0/15)
 O - a wand of acid (9/15)
 S - a wand of polymorph (8/24)
 U - a wand of paralysis (3/24)
 V - a wand of confusion (7/48)
 Z - a wand of flame (3/48)
Scrolls
 g - 9 scrolls of teleportation
 h - a scroll of brand weapon
 i - 3 scrolls of blinking
 p - 3 scrolls of magic mapping
 B - a scroll of summoning
 E - 5 scrolls of remove curse
 F - 2 scrolls of identify
 G - 3 scrolls of fear
 N - a scroll of holy word
 P - a scroll of amnesia
 Q - a scroll of recharging
 R - 6 scrolls of fog
 T - 3 scrolls of enchant armour
 X - a scroll of enchant weapon
Potions
 s - 2 potions of agility
 z - 4 potions of curing
 C - a potion of cancellation
 I - 2 potions of ambrosia
 K - 2 potions of flight
Comestibles
 f - 11 bread rations
 A - 11 fruits


   Skills:
 + Level 8.6 Fighting
 * Level 15.0 Short Blades
 + Level 3.0 Slings
 + Level 14.0 Dodging
 + Level 15.8 Stealth
 - Level 7.2 Shields
 + Level 9.8 Invocations
 * Level 17.1 Evocations


You had 15 spell levels left.
You didn't know any spells.

Dungeon Overview and Level Annotations

Branches:
Dungeon (15/15)            Temple (0/1) D:7            Lair (6/6) D:10
 Shoals (4/4) Lair:2       Spider (3/4) Lair:3        Slime (0/5) Lair:6
    Orc (2/2) D:12            Elf (0/3) Orc:2        Vaults (0/5) D:14
 Depths (0/5) D:15

Altars:
Dithmenos
Elyvilon
Fedhas
Kikubaaqudgha
Okawaru
Sif Muna
Vehumet
Xom
Yredelemnul
The Shining One
Beogh

Shops:
D:10 !   Orc:2 =}[(   Shoals:3 [

Portals:
Trove: D:10 (give +2 gold dragon scales)

Annotations:
D:10 Guenter's ghost, journeyman DsMo
D:12 exclusions: ice statue and obsidian statue
Orc:1 Kaishin's ghost, journeyman DrTm


Innate Abilities, Weirdness & Mutations

You are very small and have problems with some larger weapons.
You are too small for most types of armour.
You have supernaturally acute eyesight. (SInv)
You are a herbivore.
You cover ground extremely quickly.
You need consume almost no food.


Message History

* * * LOW HITPOINT WARNING * * *
You hit the Ice Fiend but do no damage.
The Ice Fiend is almost dead.
The Ice Fiend completely misses you. The Ice Fiend barely misses you.
You hit the Ice Fiend but do no damage.
The Ice Fiend is almost dead.
The Ice Fiend claws you but does no damage.
The Ice Fiend closely misses you.
You hit the Ice Fiend but do no damage.
The Ice Fiend is almost dead.
The Ice Fiend misses you. You block the Ice Fiend's attack.
You hit the Ice Fiend but do no damage.
The Ice Fiend is almost dead.
The Ice Fiend misses you.
You riposte.
You hit the Ice Fiend but do no damage.
The Ice Fiend is almost dead.
The Ice Fiend claws you!!
* * * LOW HITPOINT WARNING * * *
The Ice Fiend freezes you. You resist.
You die...
Fedhas appreciates your contribution to the ecosystem.

##### ########## ##.#.##
#.Z.##@..########.#.⌠.#
#Z..##Z1.##...#..#.###.##
#4Z..#
########..#..#######


.ZZZZ# #..#####.≈≈#≈≈ ZZ.4# ##..##..≈#≈≈≈≈ ##1. ###...##≈≈≈#≈ ## #####≈≈≈###
#≈≈#≈≈≈≈ ≈≈≈≈≈≈≈≈≈# You could see an Ice Fiend and a swamp dragon simulacrum.

Vanquished Creatures
  Polyphemus (Shoals:4)
  An entropy weaver (Lair:5)
  A merfolk javelineer (Shoals:4)
  4 merfolk impalers
  A fire dragon (D:15)
  A rakshasa (D:13)
  A vault guard (D:14)
  Erolcha (D:13)
  6 hydras
  An ice dragon (D:15)
  A catoblepas (Lair:6)
  A merfolk avatar (Shoals:3)
  2 centaur warriors (D:15)
  5 two-headed ogres
  A deep troll shaman (Lair:6)
  A merfolk aquamancer (Shoals:3)
  7 death yaks
  A satyr (Shoals:4)
  4 orc high priests
  A queen ant (Lair:6)
  Sonja (Orc:2)
  6 sea snakes
  3 unseen horrors
  A wizard (D:14)
  8 harpies
  A wolf spider zombie (D:15)
  9 orc knights
  2 ugly things (D:11)
  4 necromancers
  3 manticores
  6 cyclopes
  2 orb spiders
  2 deep elf magi
  4 orc sorcerers (Orc:2)
  6 fauns
  8 wolf spiders
  3 centaur zombies
  An elephant (Lair:6)
  A moth of wrath (Spider:1)
  4 merfolk sirens
  Joseph (D:8)
  2 black mambas (Lair:5)
  3 water nymphs
  4 spiny frogs
  2 gargoyles
  5 komodo dragons
  2 demonic crawlers
  An efreet (D:14)
  3 rime drakes
  5 ice devils (IceCv)
  A freezing wraith (IceCv)
  An anaconda simulacrum (IceCv)
  A polar bear (Lair:6)
  9 trolls
  10 merfolk
  8 jumping spiders
  2 hornets (D:9)
  4 slime creatures
  Prince Ribbit (Lair:3)
  9 blink frogs
  A wolf spider simulacrum (IceCv)
  6 dream sheep
  7 hippogriffs
  2 snapping turtles
  2 meliai zombies
  2 shadows
  Sigmund (D:3)
  4 water elementals
  A spriggan (D:8)
  15 redbacks
  A vampire (D:10)
  8 tarantellas
  A wyvern (D:9)
  6 basilisks
  3 dire elephant simulacra (IceCv)
  18 humans (D:14)
  46 yaks
  A death yak simulacrum (IceCv)
  A hungry ghost (D:8)
  11 vampire mosquitoes
  5 wargs
  2 harpy simulacra (IceCv)
  2 iron troll simulacra (IceCv)
  An acid dragon (D:15)
  6 soldier ants
  A hydra simulacrum (IceCv)
  6 water moccasins
  6 porcupines
  4 ice beasts
  27 orc warriors
  An eye of draining (D:15)
  3 sky beasts
  An elephant zombie (Lair:5)
  2 ettin simulacra (IceCv)
  The ghost of myxocpahck the Skirmisher, an amateur HOFi (D:3)
  3 black bears
  A necrophage (D:9)
  2 phantoms
  4 ogres
  5 wolves
  8 centaurs
  10 crocodiles
  2 big kobolds (D:7)
  16 bullfrogs
  A wyvern skeleton (D:13)
  4 scorpions
  An elephant simulacrum (IceCv)
  7 killer bees
  A swamp dragon simulacrum (IceCv)
  4 wights
  5 electric eels
  A bullfrog zombie (D:12)
  A draconian simulacrum (IceCv)
  8 crimson imps
  2 quasits
  4 jellies
  A bullfrog skeleton (D:5)
  16 orc priests
  7 hounds
  21 orc wizards
  A basilisk zombie (Lair:5)
  7 centaur skeletons
  2 gnolls (D:2)
  3 iguanas
  18 worker ants
  2 spriggan simulacra (IceCv)
  A troll simulacrum (IceCv)
  A big kobold zombie (Ossuary)
  2 centaur simulacra (IceCv)
  A hound zombie (D:10)
  3 hound skeletons
  8 mummies (Ossuary)
  3 worker ant zombies
  2 howler monkey skeletons
  10 adders
  2 naga simulacra (IceCv)
  3 ogre simulacra (IceCv)
  5 shadow imps
  3 white imps (IceCv)
  6 ufetubi (IceCv)
  2 oozes
  3 worms
  3 dart slugs
  7 leopard geckos
  69 orcs
  3 bats
  6 giant cockroaches
  2 gnoll zombies (Ossuary)
  10 goblins
  4 hobgoblins
  14 jackals
  7 quokkas
  2 ball pythons
  5 frilled lizards
  3 hobgoblin zombies (Ossuary)
  17 kobolds
  A kobold zombie (Ossuary)
  A leopard gecko skeleton (D:8)
  An orc zombie (Ossuary)
  A quokka skeleton (D:4)
  5 rats
  3 toadstools
783 creatures vanquished.

Vanquished Creatures (collateral kills)
  An entropy weaver (Lair:6)
  A merfolk impaler (Shoals:3)
  A hydra (D:11)
  3 death yaks (Lair:6)
  An orc high priest (Orc:2)
  2 orc sorcerers
  2 elephants (Lair:6)
  A torpor snail (Lair:3)
  2 komodo dragons
  2 jumping spiders (Lair:3)
  2 merfolk (Shoals:3)
  6 blink frogs
  A hippogriff (Lair:1)
  A redback (Lair:3)
  2 hungry ghosts
  A wraith (D:15)
  5 yaks
  15 soldier ants (Lair:6)
  2 porcupines
  10 orc warriors
  A phantom (D:9)
  A sky beast (D:8)
  2 ogres
  An elephant zombie (Lair:5)
  A centaur (D:5)
  3 wolves (Lair:6)
  A crocodile (Lair:1)
  A komodo dragon zombie (Lair:5)
  4 bullfrogs
  A killer bee (D:7)
  3 wights
  A howler monkey (D:9)
  2 crimson imps
  A centaur zombie (D:8)
  A jelly (D:9)
  4 orc priests
  3 bullfrog skeletons
  2 hounds
  15 worker ants
  11 orc wizards
  4 gnolls (D:2)
  An adder (D:7)
  A shadow imp (D:12)
  28 orcs
  3 jackals (D:9)
  2 kobolds (D:7)
  2 ballistomycete spores (D:10)
161 creatures vanquished.

Vanquished Creatures (others)
  A catoblepas (Shoals:4)
  A satyr (Shoals:4)
  A sea snake (Shoals:4)
  3 merfolk
  A yak (D:9)
  A human (D:14)
  39 wandering mushrooms
  2 orc wizards
  A worker ant (D:7)
  A gnoll (D:2)
  An ufetubus (IceCv)
  2 orcs
  A fire vortex (Lair:2)
  5 fungi
  24 plants
  828 toadstools
912 creatures vanquished.

Grand Total: 1856 creatures vanquished

Notes
Turn   | Place    | Note
-------+----------+-------------------------------------------
     0 | D:1      | AlphabetPasta the Spriggan Artificer began the quest for the Orb.
     0 | D:1      | Reached XP level 1. HP: 9/9 MP: 4/4
    83 | D:1      | Reached XP level 2. HP: 14/14 MP: 6/6
  1053 | D:1      | Noticed an ice beast
  1076 | D:1      | Killed an ice beast
  1076 | D:1      | Reached skill level 1 in Fighting
  1076 | D:1      | Reached skill level 5 in Evocations
  1076 | D:1      | Reached XP level 3. HP: 18/18 MP: 7/7
  1076 | D:1      | Reached XP level 4. HP: 22/22 MP: 8/8
  1399 | D:2      | Found a blossoming altar of Fedhas.
  1403 | D:2      | Found a deep blue altar of Sif Muna.
  1403 | D:2      | Found an iron altar of Okawaru.
  1410 | D:2      | Reached XP level 5. HP: 22/25 MP: 9/9
  1414 | D:2      | Found a white marble altar of Elyvilon.
  1414 | D:2      | Found a shimmering altar of Xom.
  1421 | D:2      | Became a worshipper of Fedhas Madash
  2327 | D:3      | Reached * piety under Fedhas
  2369 | D:3      | Noticed Sigmund
  2385 | D:3      | Killed Sigmund
  2385 | D:3      | Reached skill level 5 in Stealth
  2385 | D:3      | Reached XP level 6. HP: 30/30 MP: 11/11
  2538 | D:3      | Reached skill level 1 in Invocations
  2608 | D:3      | Found a glowing golden altar of the Shining One.
  2616 | D:3      | Found an ancient bone altar of Kikubaaqudgha.
  2616 | D:3      | Found a shadowy altar of Dithmenos.
  2616 | D:3      | Found a basalt altar of Yredelemnul.
  2713 | D:3      | Noticed myxocpahck's ghost (amateur HOFi)
  2730 | D:3      | Killed myxocpahck's ghost
  2730 | D:3      | Reached skill level 6 in Evocations
  3071 | D:3      | Reached XP level 7. HP: 34/34 MP: 12/12
  3441 | D:4      | Reached skill level 1 in Shields
  3873 | D:4      | Reached skill level 5 in Dodging
  4158 | D:5      | Entered Level 5 of the Dungeon
  4233 | D:5      | Reached ** piety under Fedhas
  4377 | D:5      | Reached XP level 8. HP: 39/39 MP: 14/14
  4469 | D:5      | Reached skill level 7 in Evocations
  5307 | D:6      | Reached skill level 5 in Short Blades
  6241 | D:7      | Reached skill level 8 in Evocations
  6315 | D:7      | Reached *** piety under Fedhas
  6476 | D:7      | Found a staircase to the Ecumenical Temple.
  6532 | D:7      | Reached XP level 9. HP: 33/44 MP: 16/16
  7404 | D:7      | Upgraded the game from 0.20-a0-435-gf4ea4dd to 0.20-a0-438-g3bc703b
  7422 | D:8      | Found a radiant altar of Vehumet.
  7431 | D:8      | Found a sand-covered staircase.
  7439 | Ossuary  | Entered an ossuary
  7975 | D:8      | Reached skill level 9 in Evocations
  8217 | D:7      | Reached **** piety under Fedhas
  8602 | D:8      | Noticed Joseph
 10346 | D:8      | Killed Joseph
 10346 | D:8      | Reached XP level 10. HP: 49/49 MP: 18/18
 10455 | D:9      | Reached skill level 10 in Evocations
 10491 | D:9      | Noticed a two-headed ogre
 10520 | D:9      | Killed a two-headed ogre
 11114 | D:9      | Noticed a deep elf mage
 12212 | D:9      | Reached skill level 5 in Invocations
 12294 | D:9      | Paralysed by a hornet for 1 turns
 12710 | D:10     | Entered Level 10 of the Dungeon
 12751 | D:10     | Noticed Guenter's ghost (journeyman DsMo)
 13223 | D:10     | Reached skill level 11 in Evocations
 13514 | D:9      | Killed a deep elf mage
 13514 | D:9      | Reached skill level 10 in Stealth
 13514 | D:9      | Reached XP level 11. HP: 47/54 MP: 20/20
 13736 | D:10     | Found a staircase to the Lair.
 13832 | D:10     | Found a portal to a secret trove of treasure.
 13933 | D:10     | Noticed a two-headed ogre
 13940 | D:10     | Killed a two-headed ogre
 14019 | D:10     | Found Zomiaxoz's Distillery.
 14022 | D:10     | Bought a potion of lignification for 48 gold pieces
 14022 | D:10     | Bought a potion of resistance for 160 gold pieces
 14022 | D:10     | Bought a potion of mutation for 40 gold pieces
 14022 | D:10     | Bought a potion of heal wounds for 80 gold pieces
 14022 | D:10     | Bought a potion of degeneration for 16 gold pieces
 15134 | D:11     | Noticed a white ugly thing
 15273 | D:11     | Killed a white ugly thing
 15287 | D:11     | Noticed a white ugly thing
 15297 | D:11     | Killed a white ugly thing
 15297 | D:11     | Reached skill level 5 in Fighting
 15380 | D:11     | Got a scintillating platinum ring
 15382 | D:11     | Identified the ring "Bihegur" {rCorr rC+} (You found it on level 11 of the Dungeon)
 15797 | D:12     | Found a staircase to the Orcish Mines.
 15805 | D:12     | Found a roughly hewn altar of Beogh.
 16197 | D:12     | Reached skill level 12 in Evocations
 16341 | D:12     | Noticed a two-headed ogre
 16359 | D:12     | Killed a two-headed ogre
 16665 | D:12     | Reached skill level 10 in Short Blades
 16679 | D:12     | Noticed an obsidian statue
 16897 | D:12     | Noticed a deep elf mage
 16930 | D:12     | Killed a deep elf mage
 17243 | D:11     | Noticed a four-headed hydra
 17252 | D:11     | Killed a four-headed hydra
 17252 | D:11     | Reached XP level 12. HP: 60/60 MP: 22/22
 17296 | Lair:1   | Entered Level 1 of the Lair of Beasts
 17336 | Lair:1   | Noticed a five-headed hydra
 17339 | Lair:1   | Killed a five-headed hydra
 17460 | Lair:1   | Reached skill level 10 in Dodging
 19279 | Lair:2   | Reached skill level 13 in Evocations
 19513 | Lair:2   | Found a staircase to the Shoals.
 20188 | Lair:3   | Noticed a six-headed hydra
 20203 | Lair:3   | Killed a six-headed hydra
 20203 | Lair:3   | Reached skill level 5 in Shields
 20383 | Lair:3   | Noticed Prince Ribbit
 20451 | Lair:3   | Killed Prince Ribbit
 20917 | Lair:3   | Found a hole to the Spider Nest.
 22770 | Lair:5   | Noticed a seven-headed hydra
 22774 | Lair:5   | Reached XP level 13. HP: 65/65 MP: 24/24
 23331 | Lair:5   | Reached ***** piety under Fedhas
 23871 | Lair:6   | Entered Level 6 of the Lair of Beasts
 23899 | Lair:6   | Reached skill level 14 in Evocations
 23912 | Lair:6   | Noticed an entropy weaver
 23912 | Lair:6   | Noticed an entropy weaver
 23933 | Lair:6   | Killed an entropy weaver
 24041 | Lair:5   | Killed an entropy weaver
 25286 | Lair:6   | Found a staircase to the Slime Pits.
 26054 | Orc:1    | Entered Level 1 of the Orcish Mines
 26335 | D:12     | Reached XP level 14. HP: 70/70 MP: 26/26
 26634 | Orc:2    | Entered Level 2 of the Orcish Mines
 27322 | Orc:2    | Found a staircase to the Elven Halls.
 27407 | Orc:1    | Upgraded the game from 0.20-a0-438-g3bc703b to 0.20-a0-439-g81164ae
 27654 | Orc:1    | Noticed Kaishin's ghost (journeyman DrTm)
 27851 | Orc:2    | Reached skill level 15 in Evocations
 28084 | Orc:2    | Noticed Sonja
 28091 | Orc:2    | Killed Sonja
 29286 | Orc:2    | Found Impog's Antique Armour Shoppe.
 29375 | Orc:2    | Reached ****** piety under Fedhas
 31477 | Orc:2    | Found Beggauk's Weapon Shoppe.
 31481 | Orc:2    | Found Zobo's Gadget Boutique.
 31508 | Orc:2    | Found Cetus's Jewellery Boutique.
 31536 | Orc:2    | Bought a crude cloak for 285 gold pieces
 31546 | Orc:2    | Identified the +2 cloak "Zeidui Reti" {+Inv rC+ Int-3} (You bought it in a shop on level 2 of the Orcish Mines)
 31558 | Orc:2    | Bought the +7 falchion of Agony {freeze, +Blink Dex+4} for 753 gold pieces
 31805 | D:13     | Noticed Erolcha
 31823 | D:13     | Killed Erolcha
 32880 | D:14     | Found a blossoming altar of Fedhas.
 33291 | D:14     | Found a gate to the Vaults.
 33662 | D:15     | Entered Level 15 of the Dungeon
 33662 | D:15     | Found a shadowy altar of Dithmenos.
 34025 | D:15     | Reached skill level 16 in Evocations
 34085 | D:15     | Reached XP level 15. HP: 73/76 MP: 28/28
 34580 | D:15     | Found a staircase to the Depths.
 35044 | Shoals:1 | Entered Level 1 of the Shoals
 35072 | Shoals:1 | You fall through a shaft!
 35609 | Shoals:3 | Reached skill level 15 in Stealth
 36190 | Shoals:3 | Found Owuif's Armour Boutique.
 36670 | Shoals:4 | Entered Level 4 of the Shoals
 36790 | Shoals:4 | Noticed Polyphemus
 37077 | Shoals:4 | Killed Polyphemus
 37556 | Shoals:3 | Upgraded the game from 0.20-a0-439-g81164ae to 0.20-a0-441-g89e74e4
 37585 | Shoals:4 | Reached skill level 1 in Slings
 37629 | Shoals:4 | Got a barnacled rune of Zot
 37757 | Spider:1 | Entered Level 1 of the Spider Nest
 39068 | Lair:3   | Reached XP level 16. HP: 28/82 MP: 14/29
 39497 | Spider:2 | Reached skill level 15 in Short Blades
 39538 | Spider:2 | Reached skill level 17 in Evocations
 39594 | Spider:2 | HP: 4/82 [poisoned by a redback]
 39600 | Spider:2 | HP: 4/82 [poisoned by a redback]
 39608 | Spider:2 | HP: 4/82 [poisoned by a redback]
 39955 | Spider:3 | Found a frozen archway.
 39965 | IceCv    | Entered an ice cave
 41458 | IceCv    | Noticed an Ice Fiend
 42166 | IceCv    | HP: 1/82 [Ice Fiend (15)]
 42166 | IceCv    | Slain by an Ice Fiend

Vault maps used:
D:1:      scummos_arrival_hexagon
D:2:      grunt_temple_overflow_open, first_bread
D:3:      minitemple, uniq_sigmund
D:5:      kennysheep_spiral_hall, feat_on_display
D:8:      fiery_altar_vehumet, nicolae_ossuary_entry_monument, the_bakery,
          uniq_joseph
D:9:      nrook_loot_triangle
D:10:     erik_lair_island, enter_trove_1, serial_shops,
          nicolae_shop_window_shopping
D:11:     solitary_fountain, kennysheep_nondescript
D:12:     minmay_orc_entry_temple_small, david_greed
D:13:     uniq_erolcha
D:14:     grunt_vaults_entry_tiered, fedhas_altar_3
D:15:     grunt_enter_depths_hoard, serial_park_square1,
          nicolae_dithmenos_through_a_glass_darkly
Lair:1:   serial_bayou_shore_b
Lair:2:   shoals_dummy_entry
Lair:3:   nicolae_spider_entry_tight_spaces, serial_bayou_shore_a,
          uniq_prince_ribbit2
Lair:4:   lemuel_fruit_tree, grunt_megastairs_5
Lair:5:   pond_and_an_island_with_a_cottage, infiniplex_staircase_pool_2,
          serial_bayou_shore_b
Lair:6:   grunt_lair_end_beastmaster, dpeg_slime_entry_corner, minivault_29,
          serial_bayou_shore_b, serial_bayou_shore_b, infiniplex_staircase_pool
Shoals:1: nicolae_shoals_island_circles
Shoals:3: argonaut_golden_fleece, serial_shops, shop_statue, shop
Shoals:4: shoals_end_grunt_garden, shoals_ilsuiw_ice, uniq_polyphemus
Spider:1: spider_trap, guppyfry_hornet_nest
Spider:3: portal_ice_cave_entry_pillars_2, hangedman_spider_tarantella_strand
Orc:2:    st_orc_elflike, guppyfry_library_mini, uniq_sonja
Ossuary:  ossuary_tomb_3
IceCv:    ice_cave_caverns_03

Skill      XL: |  1  2  3  4  5  6  7  8  9 10 11 12 13 14 15 16 |
---------------+-------------------------------------------------+-----
Stealth        | 2 3 5 7 9 10 11 12 13 14 15 | 15.8
Fighting       | 1 2 3 4 5 6 7 8 |  8.6
Short Blades   | 2 3 4 5 7 9 10 11 12 13 14 15 | 15.0
Dodging        | 4 5 6 7 8 9 10 12 13 14 | 14.0
Evocations     | 5 6 8 9 11 12 13 14 16 17 | 17.1
Invocations    | 1 2 3 4 5 6 7 8 9 |  9.8
Shields        | 1 2 3 4 5 6 7 |  7.2
Slings         | 2 3 |  3.0

Action                   |  1- 3 |  4- 6 |  7- 9 | 10-12 | 13-15 | 16-18 || total
-------------------------+-------+-------+-------+-------+-------+-------++-------
Melee: Short sword       |    87 |   154 |    34 |       |       |       ||   275
       Rapier            |       |       |    48 |       |       |       ||    48
       Dagger            |       |       |   906 |  2338 |  1261 |    50 ||  4555
       Long sword        |       |       |       |    35 |       |       ||    35
       Scimitar          |       |       |       |       |   555 |    53 ||   608
       Falchion          |       |       |       |       |   571 |   204 ||   775
 Fire: Hunting sling     |       |       |       |       |     1 |    26 ||    27
Invok: Fungal Bloom      |       |    12 |    48 |    61 |   121 |     7 ||   249
       Evolution         |       |       |     6 |    14 |    21 |     1 ||    42
       Reproduction      |       |       |       |     1 |       |       ||     1
 Abil: Evoke Invisibilit |       |       |       |       |    11 |       ||    11
       Evoke Blink       |       |       |       |       |     1 |       ||     1
Evoke: Wand              |     7 |    37 |    36 |    16 |    58 |    16 ||   170
       Box of beasts     |       |       |       |       |     1 |       ||     1
       Sack of spiders   |       |       |       |       |     1 |       ||     1
       Phantom mirror    |       |       |       |       |       |     1 ||     1
  Use: Scroll            |     2 |     7 |    15 |     9 |    14 |     2 ||    49
       Potion            |       |       |       |     8 |    14 |     9 ||    31
 Stab: Sleeping          |     2 |     9 |    27 |    34 |    89 |    18 ||   179
       Distracted        |       |     1 |     4 |     8 |    17 |     1 ||    31
       Paralysed         |       |     1 |       |       |       |       ||     1
       Confused          |       |       |     8 |    32 |    40 |     2 ||    82
       Invisible         |       |       |       |       |    58 |       ||    58
       Petrifying        |       |       |       |       |     2 |       ||     2
       Petrified         |       |       |       |       |     1 |       ||     1
  Eat: Royal jelly       |       |       |     1 |     1 |     1 |       ||     3
       Bread ration      |       |       |     2 |     2 |     4 |     1 ||     9
       Pizza             |       |       |       |     1 |       |     1 ||     2
Armor: Robe              |    13 |    13 |   142 |   150 |   154 |    26 ||   498
Dodge: Dodged            |    68 |   109 |   593 |  1100 |  2020 |   288 ||  4178
Block: Buckler           |       |    22 |   237 |   514 |   944 |   120 ||  1837
       Rpst.: Long sword |       |       |       |     9 |       |       ||     9
       Scimitar          |       |       |       |       |   181 |    10 ||   191
       Falchion          |       |       |       |       |   175 |    49 ||   224
